 Dungeon Crawl Stone Soup version 0.31-a0-636-ge1c0e02 (webtiles) character file.

Game seed: 7558250954819615681

837 Nithhogg the Trooper (level 7, -8/64 HPs)
             Began as a Hill Orc Fighter on Aug 26, 2023.
             Shot with an arrow by a centaur (12 damage)
             ... on level 5 of the Dungeon.
             The game lasted 00:07:07 (3907 turns).

Nithhogg the Trooper (Hill Orc Fighter)             Turns: 3907, Time: 00:07:07

Health: -8/64      AC:  7    Str: 21    XL:     7   Next: 99%
Magic:  11/11      EV:  9    Int:  8    God:
Gold:   183        SH:  0    Dex: 10    Spells: 6/6 levels left

rFire   . . .        n - +3 mace
rCold   . . .        (no shield)
rNeg    . . .        b - +0 scale mail
rPois   .            (no helmet)
rElec   .            (no cloak)
rCorr   .            (no gloves)
SInv    .            (no boots)
Will    .....        h - amulet of faith Stlth
                     (no ring)
HPRegen 0.30/turn    (no ring)
MPRegen 0.12/turn

%: faith
@: no status effects
A: no striking features
a: no special abilities


You were on level 5 of the Dungeon.
You visited 1 branch of the dungeon, and saw 5 of its levels.

You collected 183 gold pieces.

Inventory:

Hand Weapons
 a - a +0 war axe
 f - a +4 short sword
 n - a +3 mace (weapon)
Armour
 b - a +0 scale mail (worn)
 c - a +0 buckler
 k - a +0 plate armour
Jewellery
 d - a ring of willpower
 h - an amulet of faith (around neck)
Scrolls
 g - 3 scrolls of identify
 i - 2 scrolls of fog
 p - a scroll of fear {unknown}
 r - a scroll of immolation {unknown}
 s - a scroll of poison {unknown}
 t - a scroll of blinking {unknown}
Potions
 e - 2 potions of brilliance {unknown}
 j - a potion of degeneration {unknown}
 l - 2 potions of curing
 m - a potion of berserk rage {unknown}
 q - 2 potions of experience {unknown}


   Skills:
 + Level 6.3 Fighting
 + Level 6.2 Axes
 + Level 5.7 Armour
 - Level 3.2 Shields
 + Level 5.4 Invocations


You had 6 spell levels left.
You didn't know any spells.
Your spell library contained the following spells:

 Spells                   Type           Power      Damage    Failure   Level
 Foxfire                  Conj/Fire      0%         2x1d4     73%         1
 Slow                     Hex            0%         N/A       73%         1
 Plasma Beam              Fire/Air       0%         2x1d10    100%        6
 Starburst                Conj/Fire      0%         6d3       100%        6


Dungeon Overview and Level Annotations

Branches:
Dungeon (5/15)
 Temple: D:4-7

Altars:
Sif Muna
Trog

Shops:
D:2 ?[=   D:4 ?

Annotations:
D:5 Blork the orc


Message History

The centaur shoots an arrow.
The arrow closely misses you.
The centaur shoots an arrow.
The arrow hits you! The arrow freezes you.
The centaur shoots an arrow.
The arrow hits you. The arrow freezes you.
The centaur unwields a +1 orcbow of freezing.
The centaur hits you but does no damage.
The centaur kicks you but does no damage.
You closely miss the centaur. The centaur barely misses you.
The centaur closely misses you.
An ogre comes into view. It is wielding a +0 giant club.
The centaur barely misses you.
The centaur kicks you but does no damage.
You hit the centaur.
The centaur is lightly wounded.
The centaur barely misses you. The centaur kicks you.
The centaur hits you but does no damage.
The centaur kicks you but does no damage.
You closely miss the centaur.
The centaur is lightly wounded.
The centaur barely misses you. The centaur kicks you. The centaur hits you.
The centaur closely misses you.
You barely miss the centaur.
The centaur is lightly wounded.
The centaur hits you. The centaur kicks you. The centaur closely misses you.
The centaur barely misses you.
You sock the centaur! You punch the centaur.
The centaur is severely wounded.
The centaur hits you but does no damage.
The centaur closely misses you. The centaur hits you. The centaur kicks you.
The centaur wields a +1 orcbow of freezing.
It is covered in frost.
The centaur shoots an arrow.
The arrow closely misses you.
The centaur shoots an arrow.
The arrow hits you. The arrow freezes you.
You open the door.
The black bear growls angrily.
You hear a bark!
The centaur shoots an arrow.
The arrow hits you!
* * * LOW HITPOINT WARNING * * *
The arrow freezes you.
* * * LOW HITPOINT WARNING * * *
The centaur shoots an arrow.
The arrow hits you!
You die...

# .. #### ...
#..# ...#
#..##....#
#..cO..... #.
#..# ##..$###..#
.....h'@..#
......#...# ##..#
##+## #. +>..
......[....# #c..
.!........# #..#
#..##...>.#
#.(####..##.....#
#...............#


You could see a black bear, an ogre and a centaur.

Vanquished Creatures
  Grinder (D:4)
  3 phantoms
  A scorpion (D:4)
  2 hounds (D:4)
  An orc priest (D:3)
  A sleepcap (D:4)
  Terence (D:3)
  Robin (D:3)
  5 adders
  3 gnolls (D:2)
  A white imp (D:3)
  An ufetubus (D:3)
  2 dart slugs
  3 orcs
  9 endoplasms
  4 giant cockroaches
  14 goblins
  8 hobgoblins
  11 jackals
  2 quokkas
  4 ball pythons
  4 bats
  4 frilled lizards
  12 kobolds
  6 rats
104 creatures vanquished.

Notes
Turn   | Place    | Note
-------+----------+-------------------------------------------
     0 | D:1      | Nithhogg the Hill Orc Fighter began the quest for the Orb.
     0 | D:1      | Reached XP level 1. HP: 19/19 MP: 1/1
   275 | D:1      | Reached XP level 2. HP: 23/27 MP: 2/2
   462 | D:1      | Reached skill level 1 in Invocations
  1139 | D:2      | Reached XP level 3. HP: 20/33 MP: 2/4
  1176 | D:2      | Reached XP level 4. HP: 13/40 MP: 5/5
  1313 | D:2      | Found Yblian's Magic Scroll Boutique.
  1399 | D:2      | Found Jyinajam's Jewellery Emporium.
  1703 | D:2      | Found Icatett's Armour Shop.
  2018 | D:3      | Reached XP level 5. HP: 45/47 MP: 7/7
  2118 | D:3      | Noticed Terence
  2119 | D:3      | Found a bloodstained altar of Trog.
  2133 | D:3      | Killed Terence
  2170 | D:3      | Found a shimmering blue altar of Sif Muna.
  2198 | D:3      | Got Sif Muna's Parchment of Doom
  2330 | D:3      | Noticed Robin
  2339 | D:3      | Killed Robin
  2362 | D:3      | Reached skill level 5 in Fighting
  2375 | D:3      | Reached XP level 6. HP: 38/56 MP: 8/8
  2740 | D:4      | Found Zupuegg's Magic Scroll Shop.
  2747 | D:4      | Reached skill level 5 in Axes
  2908 | D:4      | Reached skill level 5 in Armour
  2908 | D:4      | Reached XP level 7. HP: 56/61 MP: 10/10
  3006 | D:4      | Noticed Grinder
  3019 | D:4      | Paralysed by Grinder for 2 turns
  3037 | D:4      | Killed Grinder
  3038 | D:4      | Reached skill level 5 in Invocations
  3688 | D:5      | Entered Level 5 of the Dungeon
  3703 | D:5      | Noticed Blork the orc
  3907 | D:5      | Shot with an arrow by a centaur

Illustrated notes

Levels and vault maps discovered:
D:1:      sevenhm_arrival_forest_fort_large_2, layout_loops_corners,
          chequers_hall_statues_y
D:2:      layout_loops_ring, serial_shops, shop_statue,
          nicolae_shop_real_fake_doors, shop, hangedman_decor_points,
          minmay_distorted
D:3:      layout_basic, nzn_overflow_gifts_of_might_and_magic,
          serial_park_tiny_pond, uniq_robin
D:4:      layout_loops_ring, serial_shops, shop, uniq_grinder
D:5:      layout_gridville, minmay_misc_feat_iff, uniq_blork_the_orc

Skill      XL: |  1  2  3  4  5  6  7 |
---------------+----------------------+-----
Axes           | 3 4 5 6 |  6.2
Invocations    | 1 2 3 4 5 |  5.4
Fighting       | 4 5 6 |  6.3
Armour         | 4 5 |  5.7
Shields        | |  3.2

Action                     |  1- 3 |  4- 6 |  7- 9 || total
---------------------------+-------+-------+-------++-------
  Melee: War axe           |    63 |    84 |       ||   147
         Mace              |       |   152 |    58 ||   210
         Punch             |       |     1 |     3 ||     4
    Use: Potion            |     1 |       |     1 ||     2
         Scroll            |       |     1 |     2 ||     3
 Armour: Scale mail        |    40 |   184 |    36 ||   260
  Dodge: Dodged            |    37 |   192 |    52 ||   281

Table legend: (Time is in decaauts)
 A = Elapsed time spent in this place.
 B = Non-inter-level travel time spent in this place.
 C = Inter-level travel time spent in this place.
 D = Time resting spent in this place.
 E = Time spent auto-exploring this place.
 F = Levels seen in this place.
 G = Mean time per level.
                   A        B        C        D        E       F      G
               +--------+--------+--------+--------+--------+-----+--------+
         Total |   4010 |   3879 |    131 |    182 |   2912 |   5 |  802.0 |
       Dungeon |   4010 |   3879 |    131 |    182 |   2912 |   5 |  802.0 |
               +--------+--------+--------+--------+--------+-----+--------+

Top non-repeatable levels by time:
     D:4: 1084 daAuts
     D:1: 1049 daAuts
     D:2: 973 daAuts
     D:3: 682 daAuts
     D:5: 221 daAuts
